 Dungeon Crawl Stone Soup version 0.28-a0-1117-g0bdd5ba030 (webtiles) character file.

Game seed: 2608828333519032219

106 yoda5477 the Skirmisher (level 4, -1/34 HPs)
             Began as a Demonspawn Transmuter on Dec 11, 2021.
             Slain by a goblin (3 damage)
             ... on level 3 of the Dungeon.
             The game lasted 00:14:25 (3399 turns).

yoda5477 the Skirmisher (Demonspawn Transmuter)     Turns: 3399, Time: 00:14:26

Health: -1/34      AC:  3    Str: 13    XL:     4   Next: 55%
Magic:  7/7        EV: 12    Int: 14    God:
Gold:   83         SH:  0    Dex: 13    Spells: 4/7 levels left

rFire   . . .      SeeInvis .     - Unarmed
rCold   . . .      Faith    .   (no shield)
rNeg    . . .      Spirit   .   m - +0 leather armour
rPois   .          Reflect  .   (helmet currently unavailable)
rElec   .          Harm     .   (no cloak)
rCorr   .          Rampage  .   (no gloves)
Will    .....                   (boots currently unavailable)
Stlth   +.........              (no amulet)
HPRegen 0.11/turn               (no ring)
MPRegen 0.10/turn               (no ring)

@: confused, appendages (expiring)
A: horns 2, talons 2, demonic guardian 1, demonic touch 1
a: End Transformation


You were on level 3 of the Dungeon.
You had temporarily grown beastly horns and talons.
You visited 1 branch of the dungeon, and saw 3 of its levels.

You collected 83 gold pieces.

Inventory:

Hand Weapons
 f - a +0 dagger
 g - a +0 whip
 l - a +0 spear
 t - a +0 hand axe
 v - a +0 whip
Missiles
 c - 65 stones
 k - 18 poisoned darts (quivered)
 r - 15 sling bullets
Armour
 a - a +0 robe
 m - a +0 leather armour (worn)
 s - a +0 tower shield
 u - a +0 chain mail
Jewellery
 b - a ring of fire
Wands
 w - a wand of flame (17)
Scrolls
 d - 3 scrolls of immolation {unknown}
 h - 2 scrolls of fog {unknown}
 i - a scroll of identify {unknown}
 n - a scroll of enchant weapon {unknown}
 o - a scroll of amnesia {unknown}
Potions
 e - a potion of resistance {unknown}
 j - a potion of berserk rage {unknown}
 p - a potion of curing {unknown}
 q - a potion of heal wounds {unknown}


   Skills:
 * Level 2.8 Fighting
 + Level 0.0 Armour
 + Level 2.4 Dodging
 - Level 2.0 Stealth
 - Level 2.6 Unarmed Combat
 - Level 2.0 Spellcasting
 + Level 2.4 Transmutations


You had 4 spell levels left.
You knew the following spells:

 Your Spells              Type           Power      Damage    Failure   Level
a - Beastly Appendage     Tmut           16%        N/A       11%         1
b - Wereblood             Tmut           8%         N/A       17%         2

Your spell library contained the following spells:

 Spells                   Type           Power      Damage    Failure   Level
 Shock                    Conj/Air       4%         1d3       30%         1
 Spider Form              Tmut/Pois      4%         N/A       50%         3
 Swiftness                Air            1%         N/A       65%         3
 Ice Form                 Ice/Tmut       4%         N/A       88%         4
 Airstrike                Air            0%         N/A       96%         4
 Iskenderun's Battlesphe  Conj           1%         2d6       100%        5
 Iron Shot                Conj/Erth      0%         9d1       100%        6
 Spellforged Servitor     Conj/Summ      0%         N/A       100%        7


Dungeon Overview and Level Annotations

Branches:
Dungeon (3/15)

Altars:

Annotations:
D:3 exclusions: adder, orc and orc wizard


Innate Abilities, Weirdness & Mutations

You have temporarily grown beastly horns and talons.
A weak demonic guardian rushes to your aid.
Your touch may inflict minor irresistible damage on your foes.


Message History

The goblin shouts!
Your headbutt misses the orc wizard.
You touch the orc wizard.
The orc wizard is moderately wounded.
You hear a shout!
The orc wizard hits you with a +0 dagger of venom.
You are poisoned.
An orc priest comes into view. It is wielding a +0 club.
You hit the orc wizard but do no damage.
The orc wizard is moderately wounded.
You feel very sick.
The orc wizard gestures at you while chanting.
The magic dart hits you!
You feel sick.
You feel sick.
You hit the orc wizard but do no damage.
You claw the orc wizard.
You touch the orc wizard.
The orc wizard is almost dead.
Your transformation is almost over.
You feel sick.
The orc wizard points at you and mumbles some strange words.
You are confused.
You feel sick.
The orc wizard gestures at you while chanting.
You are more confused.
You are too confused!
Okay, then.
You feel sick. The orc wizard casts a spell at you. The puff of flame hits you.
* * * LOW HITPOINT WARNING * * *
You feel sick.
You're too confused to move!
You feel sick.
The goblin hits you with a +0 dagger of freezing.
* * * LOW HITPOINT WARNING * * *
A demonic guardian appears!
The goblin freezes you.
* * * LOW HITPOINT WARNING * * *
You bump into the rock wall.
You feel sick.
You are no longer poisoned.
The goblin hits you with a +0 dagger of freezing.
You die...

#.##...##.# #
#.##.#..#.# .###
..##.#..#.# .S.. .
.###.#..#.#
#..##.. #.
#.##...# ##...#..
.. #.##.#.#
#.......
##.##.#.###....#..
#5.#..............
#@#.........<.#
#g#....###......#
#oo..#.##...##....
##.....#....##.##.
#..####..#l......
>..# l.....S.....
.......#. #.......
g...####..
##...... .....#
#.<.B..


You could see an orc wizard, an orc, a goblin (ally target) and a friendly iron
imp (summoned).

Vanquished Creatures
  4 adders
  A worm (D:3)
  A dart slug (D:2)
  2 orcs (D:3)
  7 endoplasms
  2 giant cockroaches
  5 goblins
  8 hobgoblins
  3 jackals (D:3)
  7 quokkas
  2 ball pythons
  4 bats
  3 frilled lizards
  4 kobolds
  4 rats (D:1)
57 creatures vanquished.

Vanquished Creatures (collateral kills)
  A jackal (D:3)
1 creature vanquished.

Vanquished Creatures (others)
  10 toadstools (D:3)
10 creatures vanquished.

Grand Total: 68 creatures vanquished

Notes
Turn   | Place    | Note
-------+----------+-------------------------------------------
     0 | D:1      | yoda5477 the Demonspawn Transmuter began the quest for the
                  | Orb.
     0 | D:1      | Reached XP level 1. HP: 15/15 MP: 3/3
   490 | D:1      | Gained mutation: A weak demonic guardian rushes to your
                  | aid. [demonic ancestry]
   490 | D:1      | Reached XP level 2. HP: 21/21 MP: 3/5
   708 | D:1      | Reached skill level 1 in Stealth
  1692 | D:2      | Reached XP level 3. HP: 24/27 MP: 4/6
  2247 | D:2      | Found a faded altar of an unknown god.
  2888 | D:3      | Gained mutation: Your touch may inflict minor irresistible
                  | damage on your foes. [demonic ancestry]
  2888 | D:3      | Reached XP level 4. HP: 32/34 MP: 5/7
  3047 | D:3      | Learned a level 2 spell: Wereblood
  3399 | D:3      | Slain by a goblin

Illustrated notes

Levels and vault maps discovered:
D:1:      ncdulo_lavacross, layout_loops_ring
D:2:      layout_basic, hellmonk_ecumenical_altar_heavens_door
D:3:      cheibrodos_fertilizer, layout_rooms, serial_shops,
          nicolae_shop_advertising_works [nicolae_subvault_shop_adworks]

Skill      XL: |  1  2  3  4 |
---------------+-------------+-----
Stealth        | 1 2 |  2.0
Transmutations | 2 |  2.4
Dodging        | 2 |  2.4
Fighting       | 2 |  2.8
Unarmed Combat | |  2.6
Spellcasting   | |  2.0

Action                   |  1- 3 |  4- 6 || total
-------------------------+-------+-------++-------
Melee: Unarmed           |   116 |    45 ||   161
       Kick              |    27 |     8 ||    35
       Headbutt          |     9 |     5 ||    14
       Punch             |     2 |     2 ||     4
       Touch             |       |     7 ||     7
Throw: Dart              |       |     1 ||     1
 Cast: Beastly Appendage |    41 |    12 ||    53
 Stab: Sleeping          |     2 |       ||     2
Armor: Robe              |     4 |       ||     4
       Leather armour    |    11 |     9 ||    20
Dodge: Dodged            |    61 |    26 ||    87

Table legend: (Time is in decaauts)
 A = Elapsed time spent in this place.
 B = Non-inter-level travel time spent in this place.
 C = Inter-level travel time spent in this place.
 D = Time resting spent in this place.
 E = Time spent auto-exploring this place.
 F = Levels seen in this place.
 G = Mean time per level.
                   A        B        C        D        E       F      G
               +--------+--------+--------+--------+--------+-----+--------+
         Total |   3398 |   3264 |    134 |   1156 |   1215 |   3 | 1132.7 |
       Dungeon |   3398 |   3264 |    134 |   1156 |   1215 |   3 | 1132.7 |
               +--------+--------+--------+--------+--------+-----+--------+

Top non-repeatable levels by time:
     D:2: 1633 daAuts
     D:1: 1278 daAuts
     D:3: 487 daAuts
